Predators vs BlackHawks

Created - 2 octobre 2017 at 17:23

Simulating a Pre-Season

Goals
1 2 3 T
Predators 1 1 0 2
BlackHawks 2 1 2 5
Shots
1 2 3 T
Predators 14 13 18 45
BlackHawks 16 16 7 39

1st period

1. BlackHawks , David Backes 5 (Artemi Panarin 6, Kyle Okposo 4) at 10:17
2. BlackHawks , Dion Phaneuf 1 (Jack Eichel 2, Radim Vrbata 2) at 14:18 (PP)
3. Predators , Max Pacioretty 9 (Nicklas Backstrom 6) at 17:58 (PP)

Penalties :
John Moore (NSH) for Tripping (Minor) at 10:56, Connor Murphy (NSH) for Interference (Minor) at 12:22, Gabriel Landeskog (CHI) for Roughing (Minor) at 17:24

2nd period

4. Predators , Max Pacioretty 10 (T.J. Oshie 8, Nicklas Backstrom 7) at 0:10
5. BlackHawks , Kyle Okposo 3 (Artemi Panarin 7, Kevan Miller 3) at 9:49

Penalties :
Kevan Miller (CHI) for Holding (Minor) at 3:56, John Moore (NSH) for High sticking (Minor) at 7:16, Scottie Upshall (CHI) for Interference (Minor) at 11:32, Dion Phaneuf (CHI) for Tripping (Minor) at 17:23

3rd period

6. BlackHawks , Jason Chimera 3 (Aaron Ekblad 2) at 3:31
7. BlackHawks , Jason Chimera 4 (Artemi Panarin 8, Dion Phaneuf 3) at 12:37

Penalties :
Andrew Shaw (CHI) for Boarding (Minor) at 1:14, Aaron Ekblad (CHI) for Hooking (Minor) at 7:42, Max Pacioretty (NSH) for Roughing (Minor) at 10:31

Goalie Stats

Pekka Rinne (NSH), 34 saves from 39 shots - (0.872), L, 3-1-0, 60:00 minutes
Sergei Bobrovsky (CHI), 43 saves from 45 shots - (0.956), W, 5-0-1, 60:00 minutes

Players Stats for Predators

Player Name              G  A  P  +/- PIM S  H  SB GA TA FO     MP     PP MP  PK MP  
------------------------------------------------------------------------------------
Beau Bennett             0  0  0  -4  0   0  1  0  0  0  1/4    12:33   0:00   0:00 
Connor Murphy            0  0  0   0  2   0  1  3  0  0  0/0    19:46   4:44   2:22 
J.T. Miller              0  0  0   0  0   4  0  0  0  0  1/1    18:51   5:31   0:00 
Jaden Schwartz           0  0  0  -4  0   1  0  0  0  0  0/0    12:33   0:00   0:00 
John Moore               0  0  0  -4  4   1  0  3  0  0  0/0    11:44   0:00   0:00 
Jordie Benn              0  0  0   0  0   2  0  5  0  0  0/0    20:46   4:44   3:22 
Kevin Hayes              0  0  0   0  0   3  0  0  0  0  3/4    18:51   5:31   0:00 
Max Pacioretty           2  0  2   1  2   8  2  0  0  0  0/0    19:47   4:58   1:08 
Nicklas Backstrom        0  2  2   1  0   2  2  1  0  0  23/46  26:12   4:58   4:56 
Nikita Zadorov           0  0  0   0  0   0  1  0  0  0  0/0     3:36   0:00   0:00 
Oscar Klefbom            0  0  0   1  0   3  3  2  0  0  0/0    23:52   5:45   3:58 
Phillip Di Giuseppe      0  0  0   0  0   0  0  0  0  0  0/1     2:36   0:00   0:00 
Roman Josi               0  0  0   1  0   6  0  1  0  0  0/0    27:28   5:45   3:58 
Steven Stamkos           0  0  0   0  0   9  4  0  0  0  20/36  23:13   5:31   4:22 
T.J. Oshie               0  1  1   1  0   3  1  0  0  0  2/4    20:34   4:58   1:54 
Vincent Trocheck         0  0  0  -4  0   3  2  0  0  0  7/14   12:33   0:00   0:00 
Vladislav Namestnikov    0  0  0   0  0   0  0  0  0  0  2/3     4:23   0:00   1:47 
Zach Bogosian            0  0  0  -4  0   0  1  2  0  0  0/0    12:45   0:00   0:59 

Players Stats for BlackHawks

Player Name              G  A  P  +/- PIM S  H  SB GA TA FO     MP     PP MP  PK MP  
------------------------------------------------------------------------------------
Aaron Ekblad             0  1  1   2  2   0  1  1  0  0  0/0    12:23   0:00   0:16 
Adam McQuaid             0  0  0   1  0   0  1  2  0  0  0/0    20:21   3:04   5:21 
Andrew Shaw              0  0  0   2  2   4  1  0  0  0  14/23   9:29   0:00   0:00 
Antoine Roussel          0  0  0   0  0   0  0  0  0  0  0/1     4:30   0:00   0:00 
Artemi Panarin           0  3  3   1  0   5  0  0  0  0  1/2    26:04   3:27   7:13 
Darnell Nurse            0  0  0   2  0   0  3  3  0  0  0/0    13:57   0:00   1:49 
David Backes             1  0  1   1  0   5  5  0  0  0  23/49  25:42   3:27   6:51 
Dion Phaneuf             1  1  2   0  2   2  3  4  0  0  0/0    26:34   4:16   4:12 
Gabriel Landeskog        0  0  0   0  2   2  3  0  0  0  0/0    16:39   3:53   0:00 
Jack Eichel              0  1  1   0  0   1  1  0  0  0  10/24  19:56   3:53   3:16 
Jason Chimera            2  0  2   2  0   5  1  0  0  0  0/1     9:30   0:00   0:00 
Jay Beagle               0  0  0   2  0   6  0  0  0  0  0/1     9:52   0:00   0:22 
Jeff Petry               0  0  0   0  0   1  3  0  0  0  0/0    27:48   4:16   5:25 
Kevan Miller             0  1  1   1  2   2  1  2  0  0  0/0    18:54   3:04   3:55 
Kyle Okposo              1  1  2   1  0   4  1  0  0  0  2/4    22:07   3:27   3:16 
Radim Vrbata             0  1  1   0  0   1  0  0  0  0  0/3    16:40   3:53   0:00 
Scottie Upshall          0  0  0   0  2   1  0  0  0  0  0/0     4:29   0:00   0:00 
Trevor Lewis             0  0  0   0  0   0  0  0  0  0  4/5     4:30   0:00   0:00 

3 Stars

1 - Jason Chimera (CHI)
2 - Sergei Bobrovsky (CHI)
3 - Max Pacioretty (NSH)

Power Play

Predators - 1 on 6 Attempt(s) - 16.67%
BlackHawks - 1 on 4 Attempt(s) - 25.00%

Penalty Kill

Predators - 3 on 4 Attempt(s) - 75.00% - Score 0 goal in Penalty Kill
BlackHawks - 5 on 6 Attempt(s) - 83.33% - Score 0 goal in Penalty Kill

Team Stat

Predators - Hits : 18 - Faceoff Wins : 59 - Blocked Shots : 17 - Penalty Minutes : 8
BlackHawks - Hits : 24 - Faceoff Wins : 54 - Blocked Shots : 12 - Penalty Minutes : 12

Official

Referees : Frederick L'Ecuyer and Ghislain Hebert
Linesman : Michel Cormier and Ryan Galloway

Game Notes

No Game Note

% Time on Ice - Predators

Lines # - Real PCT - Wanted PCT - Time Play
Normal Forward
1 - 32% - 40% - 13:42
2 - 32% - 30% - 13:20
3 - 30% - 20% - 12:33
4 - 6% - 10% - 2:36
Normal Defense
1 - 34% - 40% - 14:09
2 - 30% - 30% - 12:40
3 - 28% - 20% - 11:46
4 - 9% - 10% - 3:36
PP Forward
1 - 47% - 60% - 4:58
2 - 53% - 40% - 5:31
PP Defense
1 - 55% - 60% - 5:45
2 - 45% - 40% - 4:44
PK Forward
1 - 72% - 60% - 4:53
2 - 28% - 40% - 1:54
PK Defense
1 - 54% - 60% - 3:38
2 - 46% - 40% - 3:09
PK3 Forward
1 - 100% - 60% - 0:33
2 - 0% - 40% - 0:00
PK3 Defense
1 - 61% - 60% - 0:20
2 - 39% - 40% - 0:13
44 Forward
1 - 0% - 60%
2 - 0% - 40%
44 Defense
1 - 0% - 60%
2 - 0% - 40%
Last Minute Offensive  - 0:00
Last Minute Defensive  - 0:00
Total
Forward - 60:00
Defense - 60:00

% Time on Ice - BlackHawks

Lines # - Real PCT - Wanted PCT - Time Play
Normal Forward
1 - 37% - 40% - 15:24
2 - 30% - 30% - 12:47
3 - 23% - 20% - 9:30
4 - 11% - 10% - 4:30
Normal Defense
1 - 41% - 40% - 17:23
2 - 28% - 30% - 11:56
3 - 29% - 20% - 12:08
4 - 2% - 10% - 0:44
PP Forward
1 - 47% - 60% - 3:27
2 - 53% - 40% - 3:53
PP Defense
1 - 58% - 60% - 4:16
2 - 42% - 40% - 3:04
PK Forward
1 - 69% - 60% - 7:13
2 - 31% - 40% - 3:16
PK Defense
1 - 54% - 60% - 5:41
2 - 46% - 40% - 4:48
PK3 Forward
1 - 0% - 60%
2 - 0% - 40%
PK3 Defense
1 - 0% - 60%
2 - 0% - 40%
44 Forward
1 - 0% - 60%
2 - 0% - 40%
44 Defense
1 - 0% - 60%
2 - 0% - 40%
Last Minute Offensive  - 0:00
Last Minute Defensive  - 0:00
Total
Forward - 60:00
Defense - 60:00

Play by Play

1st period


0:01 of 1st period - Nicklas Backstrom wins face-off versus David Backes in neutral zone.
0:08 of 1st period - Icing by Jeff Petry.
0:09 of 1st period - J.T. Miller wins face-off versus David Backes in BlackHawks zone.
0:51 of 1st period - Kyle Okposo is hit by Steven Stamkos.
1:22 of 1st period - Max Pacioretty is hit by David Backes and loses puck.
2:41 of 1st period - Andrew Shaw is hit by Nikita Zadorov and loses puck.
2:46 of 1st period - Shot by Andrew Shaw.
2:46 of 1st period - Shot Misses the Net.
2:48 of 1st period - Shot by Jason Chimera.
2:48 of 1st period - Stopped by Pekka Rinne without a rebound.
2:49 of 1st period - Trevor Lewis wins face-off versus Steven Stamkos in Predators zone.
2:50 of 1st period - Shot by Scottie Upshall.
2:50 of 1st period - Stopped by Pekka Rinne without a rebound.
2:51 of 1st period - Andrew Shaw wins face-off versus Steven Stamkos in Predators zone.
2:52 of 1st period - Shot by Jason Chimera.
2:52 of 1st period - Shot Misses the Net.
2:54 of 1st period - Shot by Andrew Shaw.
2:54 of 1st period - Shot Misses the Net.
3:51 of 1st period - Shot by Trevor Lewis.
3:51 of 1st period - Shot Blocked by Connor Murphy.
3:53 of 1st period - Shot by Trevor Lewis.
3:53 of 1st period - Shot Misses the Net.
4:35 of 1st period - Shot by Nicklas Backstrom.
4:35 of 1st period - Deflect By Max Pacioretty.
4:35 of 1st period - Shot Misses the Net.
5:15 of 1st period - Vincent Trocheck is hit by Aaron Ekblad and loses puck.
5:23 of 1st period - Gabriel Landeskog is hit by Zach Bogosian and loses puck.
5:46 of 1st period - Shot by Vincent Trocheck.
5:46 of 1st period - Stopped by Sergei Bobrovsky with a rebound.
6:26 of 1st period - Icing by Phillip Di Giuseppe.
6:27 of 1st period - Vladislav Namestnikov wins face-off versus David Backes in Predators zone.
6:27 of 1st period - Vladislav Namestnikov is hit by David Backes.
6:54 of 1st period - Icing by Dion Phaneuf.
6:55 of 1st period - David Backes wins face-off versus Vincent Trocheck in BlackHawks zone.
7:13 of 1st period - Icing by Zach Bogosian.
7:14 of 1st period - Andrew Shaw wins face-off versus Vincent Trocheck in Predators zone.
7:19 of 1st period - Shot by Jay Beagle.
7:19 of 1st period - Stopped by Pekka Rinne without a rebound.
7:20 of 1st period - Kevin Hayes wins face-off versus Andrew Shaw in Predators zone.
7:22 of 1st period - Icing by Steven Stamkos.
7:23 of 1st period - Andrew Shaw wins face-off versus Steven Stamkos in Predators zone.
7:26 of 1st period - Shot by Jay Beagle.
7:26 of 1st period - Stopped by Pekka Rinne without a rebound.
7:27 of 1st period - Steven Stamkos wins face-off versus Jason Chimera in Predators zone.
7:50 of 1st period - Icing by Roman Josi.
7:51 of 1st period - Steven Stamkos wins face-off versus David Backes in Predators zone.
8:52 of 1st period - Max Pacioretty is hit by Jeff Petry and loses puck.
9:45 of 1st period - Shot by Jason Chimera.
9:45 of 1st period - Stopped by Pekka Rinne without a rebound.
9:46 of 1st period - Steven Stamkos wins face-off versus Jack Eichel in Predators zone.
10:01 of 1st period - Shot by Steven Stamkos.
10:01 of 1st period - Shot Misses the Net.
10:03 of 1st period - Shot by Steven Stamkos.
10:03 of 1st period - Stopped by Sergei Bobrovsky without a rebound.
10:04 of 1st period - David Backes wins face-off versus Beau Bennett in BlackHawks zone.
10:15 of 1st period - Shot by David Backes.
10:15 of 1st period - Stopped by Pekka Rinne with a rebound.
10:17 of 1st period - Shot by David Backes.
10:17 of 1st period - Goal by David Backes - Predators : 0 - BlackHawks : 1.
10:18 of 1st period - Jack Eichel wins face-off versus Steven Stamkos in neutral zone.
10:39 of 1st period - Shot by Steven Stamkos.
10:39 of 1st period - Shot Blocked by Aaron Ekblad.
10:43 of 1st period - Shot by Kevin Hayes.
10:43 of 1st period - Shot Misses the Net.
10:45 of 1st period - Shot by J.T. Miller.
10:45 of 1st period - Stopped by Sergei Bobrovsky without a rebound.
10:46 of 1st period - David Backes wins face-off versus Nicklas Backstrom in BlackHawks zone.
10:56 of 1st period - Minor Penalty to John Moore for Tripping.
10:57 of 1st period - Nicklas Backstrom wins face-off versus David Backes in Predators zone.
11:12 of 1st period - Shot by Steven Stamkos.
11:12 of 1st period - Stopped by Sergei Bobrovsky without a rebound.
11:13 of 1st period - Jack Eichel wins face-off versus Nicklas Backstrom in BlackHawks zone.
11:13 of 1st period - Jack Eichel is hit by Steven Stamkos.
12:03 of 1st period - Icing by Kyle Okposo.
12:04 of 1st period - David Backes wins face-off versus T.J. Oshie in BlackHawks zone.
12:14 of 1st period - Artemi Panarin is hit by Connor Murphy and loses puck.
12:22 of 1st period - Minor Penalty to Connor Murphy for Interference.
12:23 of 1st period - David Backes wins face-off versus Nicklas Backstrom in Predators zone.
12:32 of 1st period - Shot by Kyle Okposo.
12:32 of 1st period - Shot Blocked by Roman Josi.
12:34 of 1st period - Shot by Jeff Petry.
12:34 of 1st period - Shot Misses the Net.
12:36 of 1st period - Shot by David Backes.
12:36 of 1st period - Stopped by Pekka Rinne with a rebound.
12:38 of 1st period - Shot by Jeff Petry.
12:38 of 1st period - Shot Hit the Post.
12:40 of 1st period - Shot by Kyle Okposo.
12:40 of 1st period - Shot Blocked by Nicklas Backstrom.
12:42 of 1st period - Shot by Dion Phaneuf.
12:42 of 1st period - Stopped by Pekka Rinne without a rebound.
12:43 of 1st period - Jack Eichel wins face-off versus Nicklas Backstrom in Predators zone.
13:56 of 1st period - Shot by Kyle Okposo.
13:56 of 1st period - Stopped by Pekka Rinne without a rebound.
13:57 of 1st period - Jack Eichel wins face-off versus Nicklas Backstrom in Predators zone.
14:00 of 1st period - Shot by Jack Eichel.
14:00 of 1st period - Deflect By Gabriel Landeskog.
14:00 of 1st period - Shot Misses the Net.
14:16 of 1st period - Shot by Jack Eichel.
14:16 of 1st period - Shot Blocked by Zach Bogosian.
14:18 of 1st period - Shot by Dion Phaneuf.
14:18 of 1st period - Goal by Dion Phaneuf - Predators : 0 - BlackHawks : 2.
14:19 of 1st period - Beau Bennett wins face-off versus Andrew Shaw in neutral zone.
14:41 of 1st period - Shot by Jaden Schwartz.
14:41 of 1st period - Shot Blocked by Darnell Nurse.
14:43 of 1st period - Shot by Jaden Schwartz.
14:43 of 1st period - Stopped by Sergei Bobrovsky without a rebound.
14:44 of 1st period - Steven Stamkos wins face-off versus David Backes in BlackHawks zone.
14:49 of 1st period - Shot by Steven Stamkos.
14:49 of 1st period - Shot Misses the Net.
14:51 of 1st period - Shot by J.T. Miller.
14:51 of 1st period - Shot Misses the Net.
14:53 of 1st period - Shot by Kevin Hayes.
14:53 of 1st period - Stopped by Sergei Bobrovsky with a rebound.
15:42 of 1st period - Shot by Max Pacioretty.
15:42 of 1st period - Stopped by Sergei Bobrovsky without a rebound.
15:43 of 1st period - Andrew Shaw wins face-off versus Vincent Trocheck in BlackHawks zone.
15:43 of 1st period - Andrew Shaw is hit by Beau Bennett.
15:56 of 1st period - Icing by Zach Bogosian.
15:57 of 1st period - Jack Eichel wins face-off versus Beau Bennett in Predators zone.
16:18 of 1st period - Shot by Vincent Trocheck.
16:18 of 1st period - Shot Misses the Net.
16:20 of 1st period - Shot by Zach Bogosian.
16:20 of 1st period - Shot Misses the Net.
16:22 of 1st period - Shot by John Moore.
16:22 of 1st period - Stopped by Sergei Bobrovsky without a rebound.
16:23 of 1st period - Nicklas Backstrom wins face-off versus Andrew Shaw in BlackHawks zone.
16:28 of 1st period - Shot by Nicklas Backstrom.
16:28 of 1st period - Stopped by Sergei Bobrovsky without a rebound.
16:29 of 1st period - Nicklas Backstrom wins face-off versus Artemi Panarin in BlackHawks zone.
16:31 of 1st period - T.J. Oshie is hit by Jeff Petry and loses puck.
16:48 of 1st period - Shot by Kyle Okposo.
16:48 of 1st period - Shot Blocked by Oscar Klefbom.
17:23 of 1st period - Off-side.
17:24 of 1st period - Steven Stamkos wins face-off versus Radim Vrbata in neutral zone.
17:24 of 1st period - Minor Penalty to Gabriel Landeskog for Roughing.
17:25 of 1st period - David Backes wins face-off versus Steven Stamkos in BlackHawks zone.
17:40 of 1st period - Shot by Steven Stamkos.
17:40 of 1st period - Stopped by Sergei Bobrovsky without a rebound.
17:41 of 1st period - Steven Stamkos wins face-off versus David Backes in BlackHawks zone.
17:46 of 1st period - Shot by Roman Josi.
17:46 of 1st period - Stopped by Sergei Bobrovsky with a rebound.
17:48 of 1st period - Shot by Roman Josi.
17:48 of 1st period - Shot Blocked by Kevan Miller.
17:50 of 1st period - Shot by Roman Josi.
17:50 of 1st period - Shot Misses the Net.
17:52 of 1st period - Shot by Steven Stamkos.
17:52 of 1st period - Stopped by Sergei Bobrovsky without a rebound.
17:53 of 1st period - Nicklas Backstrom wins face-off versus David Backes in BlackHawks zone.
17:56 of 1st period - Shot by Max Pacioretty.
17:56 of 1st period - Shot Hit the Post.
17:58 of 1st period - Shot by Max Pacioretty.
17:58 of 1st period - Goal by Max Pacioretty - Predators : 1 - BlackHawks : 2.
17:59 of 1st period - Nicklas Backstrom wins face-off versus Jack Eichel in neutral zone.
18:18 of 1st period - Shot by Jack Eichel.
18:18 of 1st period - Stopped by Pekka Rinne with a rebound.
18:20 of 1st period - Shot by Dion Phaneuf.
18:20 of 1st period - Shot Blocked by Jordie Benn.
18:22 of 1st period - Shot by Gabriel Landeskog.
18:22 of 1st period - Stopped by Pekka Rinne without a rebound.
18:23 of 1st period - Andrew Shaw wins face-off versus Steven Stamkos in Predators zone.
18:26 of 1st period - Shot by Jason Chimera.
18:26 of 1st period - Deflect By Andrew Shaw.
18:26 of 1st period - Stopped by Pekka Rinne without a rebound.
18:27 of 1st period - Kevin Hayes wins face-off versus Jay Beagle in Predators zone.
18:40 of 1st period - Shot by Steven Stamkos.
18:40 of 1st period - Deflect By Kevin Hayes.
18:40 of 1st period - Stopped by Sergei Bobrovsky without a rebound.
18:41 of 1st period - Nicklas Backstrom wins face-off versus David Backes in BlackHawks zone.
18:43 of 1st period - T.J. Oshie is hit by Dion Phaneuf and loses puck.
18:56 of 1st period - T.J. Oshie is hit by David Backes and loses puck.
19:13 of 1st period - Shot by David Backes.
19:13 of 1st period - Shot Blocked by Connor Murphy.
19:15 of 1st period - Shot by David Backes.
19:15 of 1st period - Stopped by Pekka Rinne with a rebound.
19:19 of 1st period - Shot by Artemi Panarin.
19:19 of 1st period - Shot Misses the Net.
19:21 of 1st period - Shot by Kyle Okposo.
19:21 of 1st period - Stopped by Pekka Rinne without a rebound.
19:22 of 1st period - Steven Stamkos wins face-off versus Jack Eichel in Predators zone.
19:35 of 1st period - Shot by Radim Vrbata.
19:35 of 1st period - Shot Misses the Net.
19:56 of 1st period - Off-side.
19:57 of 1st period - Vincent Trocheck wins face-off versus Andrew Shaw in neutral zone.
Goals for this period are 1 for Predators vs 2 for BlackHawks.
Shots for this period are 14 for Predators vs 16 for BlackHawks.

2nd period


0:01 of 2nd period - David Backes wins face-off versus Nicklas Backstrom in neutral zone.
0:01 of 2nd period - Artemi Panarin is hit by Max Pacioretty and loses puck.
0:10 of 2nd period - Shot by T.J. Oshie.
0:10 of 2nd period - Deflect By Max Pacioretty.
0:10 of 2nd period - Goal by Max Pacioretty - Predators : 2 - BlackHawks : 2.
0:11 of 2nd period - Vincent Trocheck wins face-off versus Jack Eichel in neutral zone.
0:16 of 2nd period - Adam McQuaid is hit by Vincent Trocheck and loses puck.
0:21 of 2nd period - Shot by Vincent Trocheck.
0:21 of 2nd period - Stopped by Sergei Bobrovsky without a rebound.
0:22 of 2nd period - David Backes wins face-off versus Nicklas Backstrom in BlackHawks zone.
0:37 of 2nd period - Shot by Kyle Okposo.
0:37 of 2nd period - Shot Misses the Net.
1:46 of 2nd period - Shot by Andrew Shaw.
1:46 of 2nd period - Stopped by Pekka Rinne without a rebound.
1:47 of 2nd period - Vincent Trocheck wins face-off versus Jack Eichel in Predators zone.
1:47 of 2nd period - Vincent Trocheck is hit by Gabriel Landeskog.
2:15 of 2nd period - Shot by Vincent Trocheck.
2:15 of 2nd period - Shot Blocked by Darnell Nurse.
2:24 of 2nd period - Vincent Trocheck is hit by Darnell Nurse and loses puck.
2:32 of 2nd period - Icing by Darnell Nurse.
2:33 of 2nd period - Steven Stamkos wins face-off versus Jack Eichel in BlackHawks zone.
2:34 of 2nd period - Shot by J.T. Miller.
2:34 of 2nd period - Shot Misses the Net.
3:36 of 2nd period - Shot by Jeff Petry.
3:36 of 2nd period - Stopped by Pekka Rinne without a rebound.
3:37 of 2nd period - Andrew Shaw wins face-off versus Nicklas Backstrom in Predators zone.
3:38 of 2nd period - Shot by Jay Beagle.
3:38 of 2nd period - Stopped by Pekka Rinne without a rebound.
3:39 of 2nd period - Nicklas Backstrom wins face-off versus Andrew Shaw in Predators zone.
3:44 of 2nd period - Shot by T.J. Oshie.
3:44 of 2nd period - Stopped by Sergei Bobrovsky without a rebound.
3:45 of 2nd period - Andrew Shaw wins face-off versus Nicklas Backstrom in BlackHawks zone.
3:45 of 2nd period - Andrew Shaw is hit by T.J. Oshie.
3:56 of 2nd period - Minor Penalty to Kevan Miller for Holding.
3:57 of 2nd period - Nicklas Backstrom wins face-off versus David Backes in BlackHawks zone.
4:22 of 2nd period - Shot by Max Pacioretty.
4:22 of 2nd period - Shot Misses the Net.
4:24 of 2nd period - Shot by Oscar Klefbom.
4:24 of 2nd period - Shot Misses the Net.
4:26 of 2nd period - Shot by Oscar Klefbom.
4:26 of 2nd period - Shot Blocked by Dion Phaneuf.
4:28 of 2nd period - Shot by Oscar Klefbom.
4:28 of 2nd period - Stopped by Sergei Bobrovsky without a rebound.
4:29 of 2nd period - Steven Stamkos wins face-off versus David Backes in BlackHawks zone.
4:36 of 2nd period - Shot by Steven Stamkos.
4:36 of 2nd period - Stopped by Sergei Bobrovsky without a rebound.
4:37 of 2nd period - David Backes wins face-off versus Steven Stamkos in BlackHawks zone.
4:54 of 2nd period - Icing by Oscar Klefbom.
4:55 of 2nd period - Kevin Hayes wins face-off versus David Backes in Predators zone.
4:55 of 2nd period - Kevin Hayes is hit by David Backes.
5:16 of 2nd period - Shot by Steven Stamkos.
5:16 of 2nd period - Stopped by Sergei Bobrovsky without a rebound.
5:17 of 2nd period - David Backes wins face-off versus Nicklas Backstrom in BlackHawks zone.
5:55 of 2nd period - Shot by Max Pacioretty.
5:55 of 2nd period - Shot Blocked by Adam McQuaid.
6:05 of 2nd period - Shot by Jay Beagle.
6:05 of 2nd period - Stopped by Pekka Rinne without a rebound.
6:06 of 2nd period - Trevor Lewis wins face-off versus Vincent Trocheck in Predators zone.
6:35 of 2nd period - Shot by Vincent Trocheck.
6:35 of 2nd period - Shot Misses the Net.
7:05 of 2nd period - Shot by Steven Stamkos.
7:05 of 2nd period - Shot Misses the Net.
7:12 of 2nd period - Antoine Roussel is hit by Steven Stamkos and loses puck.
7:16 of 2nd period - Minor Penalty to John Moore for High sticking.
7:17 of 2nd period - David Backes wins face-off versus Nicklas Backstrom in Predators zone.
7:20 of 2nd period - Shot by David Backes.
7:20 of 2nd period - Stopped by Pekka Rinne without a rebound.
7:21 of 2nd period - David Backes wins face-off versus Nicklas Backstrom in Predators zone.
7:28 of 2nd period - Shot by Artemi Panarin.
7:28 of 2nd period - Stopped by Pekka Rinne without a rebound.
7:29 of 2nd period - David Backes wins face-off versus Nicklas Backstrom in Predators zone.
7:56 of 2nd period - Shot by Kyle Okposo.
7:56 of 2nd period - Shot Misses the Net.
7:58 of 2nd period - Shot by Kevan Miller.
7:58 of 2nd period - Shot Blocked by Jordie Benn.
8:00 of 2nd period - Shot by David Backes.
8:00 of 2nd period - Shot Misses the Net.
8:02 of 2nd period - Shot by Kevan Miller.
8:02 of 2nd period - Stopped by Pekka Rinne without a rebound.
8:03 of 2nd period - Jack Eichel wins face-off versus T.J. Oshie in Predators zone.
8:03 of 2nd period - Jeff Petry is hit by Oscar Klefbom and loses puck.
8:38 of 2nd period - Shot by Jeff Petry.
8:38 of 2nd period - Shot Blocked by Jordie Benn.
8:53 of 2nd period - Nicklas Backstrom is hit by Dion Phaneuf and loses puck.
9:47 of 2nd period - Shot by Kyle Okposo.
9:47 of 2nd period - Stopped by Pekka Rinne with a rebound.
9:49 of 2nd period - Shot by Kyle Okposo.
9:49 of 2nd period - Goal by Kyle Okposo - Predators : 2 - BlackHawks : 3.
9:50 of 2nd period - Andrew Shaw wins face-off versus Kevin Hayes in neutral zone.
9:54 of 2nd period - Icing by Jordie Benn.
9:55 of 2nd period - Andrew Shaw wins face-off versus Steven Stamkos in Predators zone.
11:06 of 2nd period - Shot by Roman Josi.
11:06 of 2nd period - Stopped by Sergei Bobrovsky without a rebound.
11:07 of 2nd period - Nicklas Backstrom wins face-off versus Trevor Lewis in BlackHawks zone.
11:10 of 2nd period - Shot by T.J. Oshie.
11:10 of 2nd period - Shot Misses the Net.
11:32 of 2nd period - Minor Penalty to Scottie Upshall for Interference.
11:33 of 2nd period - Steven Stamkos wins face-off versus David Backes in BlackHawks zone.
11:44 of 2nd period - Shot by Roman Josi.
11:44 of 2nd period - Stopped by Sergei Bobrovsky without a rebound.
11:45 of 2nd period - Nicklas Backstrom wins face-off versus David Backes in BlackHawks zone.
11:52 of 2nd period - Shot by Max Pacioretty.
11:52 of 2nd period - Shot Misses the Net.
12:20 of 2nd period - Shot by Max Pacioretty.
12:20 of 2nd period - Stopped by Sergei Bobrovsky with a rebound.
12:22 of 2nd period - Shot by Oscar Klefbom.
12:22 of 2nd period - Shot Blocked by Adam McQuaid.
12:44 of 2nd period - Shot by J.T. Miller.
12:44 of 2nd period - Stopped by Sergei Bobrovsky without a rebound.
12:45 of 2nd period - Steven Stamkos wins face-off versus Kyle Okposo in BlackHawks zone.
12:52 of 2nd period - Shot by Steven Stamkos.
12:52 of 2nd period - Stopped by Sergei Bobrovsky without a rebound.
12:53 of 2nd period - David Backes wins face-off versus Steven Stamkos in BlackHawks zone.
12:53 of 2nd period - David Backes is hit by Steven Stamkos.
13:14 of 2nd period - Shot by Jack Eichel.
13:14 of 2nd period - Shot Blocked by Jordie Benn.
13:27 of 2nd period - Icing by Steven Stamkos.
13:28 of 2nd period - Kyle Okposo wins face-off versus Steven Stamkos in Predators zone.
13:33 of 2nd period - Shot by Kyle Okposo.
13:33 of 2nd period - Shot Misses the Net.
13:49 of 2nd period - Shot by Andrew Shaw.
13:49 of 2nd period - Stopped by Pekka Rinne without a rebound.
13:50 of 2nd period - Vincent Trocheck wins face-off versus Radim Vrbata in Predators zone.
13:54 of 2nd period - Icing by Jaden Schwartz.
13:55 of 2nd period - Jack Eichel wins face-off versus Beau Bennett in Predators zone.
14:43 of 2nd period - Icing by Zach Bogosian.
14:44 of 2nd period - David Backes wins face-off versus Vincent Trocheck in Predators zone.
14:55 of 2nd period - Shot by Artemi Panarin.
14:55 of 2nd period - Stopped by Pekka Rinne with a rebound.
15:09 of 2nd period - Shot by Kyle Okposo.
15:09 of 2nd period - Shot Misses the Net.
15:14 of 2nd period - Icing by Jaden Schwartz.
15:15 of 2nd period - Vincent Trocheck wins face-off versus Andrew Shaw in Predators zone.
15:15 of 2nd period - Jaden Schwartz is hit by Jason Chimera and loses puck.
15:39 of 2nd period - Oscar Klefbom is hit by Darnell Nurse and loses puck.
15:48 of 2nd period - Shot by Max Pacioretty.
15:48 of 2nd period - Shot Blocked by Darnell Nurse.
15:50 of 2nd period - Shot by Oscar Klefbom.
15:50 of 2nd period - Shot Misses the Net.
15:52 of 2nd period - Shot by Oscar Klefbom.
15:52 of 2nd period - Stopped by Sergei Bobrovsky without a rebound.
15:53 of 2nd period - Steven Stamkos wins face-off versus David Backes in BlackHawks zone.
16:30 of 2nd period - Shot by J.T. Miller.
16:30 of 2nd period - Stopped by Sergei Bobrovsky without a rebound.
16:31 of 2nd period - Nicklas Backstrom wins face-off versus Jack Eichel in BlackHawks zone.
16:41 of 2nd period - Radim Vrbata is hit by Oscar Klefbom and loses puck.
16:54 of 2nd period - Shot by Radim Vrbata.
16:54 of 2nd period - Shot Misses the Net.
16:56 of 2nd period - Shot by Gabriel Landeskog.
16:56 of 2nd period - Stopped by Pekka Rinne without a rebound.
16:57 of 2nd period - Vladislav Namestnikov wins face-off versus Andrew Shaw in Predators zone.
16:57 of 2nd period - Vladislav Namestnikov is hit by Andrew Shaw.
17:02 of 2nd period - Icing by Roman Josi.
17:03 of 2nd period - David Backes wins face-off versus Phillip Di Giuseppe in Predators zone.
17:10 of 2nd period - Shot by Kyle Okposo.
17:10 of 2nd period - Shot Misses the Net.
17:23 of 2nd period - Minor Penalty to Dion Phaneuf for Tripping.
17:24 of 2nd period - David Backes wins face-off versus Steven Stamkos in BlackHawks zone.
17:33 of 2nd period - Shot by Artemi Panarin.
17:33 of 2nd period - Stopped by Pekka Rinne without a rebound.
17:34 of 2nd period - David Backes wins face-off versus Nicklas Backstrom in Predators zone.
18:39 of 2nd period - Connor Murphy is hit by Kyle Okposo and loses puck.
19:00 of 2nd period - Shot by Kyle Okposo.
19:00 of 2nd period - Shot Misses the Net.
19:24 of 2nd period - Shot by Steven Stamkos.
19:24 of 2nd period - Shot Misses the Net.
19:44 of 2nd period - Shot by Jason Chimera.
19:44 of 2nd period - Shot Blocked by John Moore.
19:46 of 2nd period - Shot by Jason Chimera.
19:46 of 2nd period - Stopped by Pekka Rinne with a rebound.
19:48 of 2nd period - Shot by Jay Beagle.
19:48 of 2nd period - Stopped by Pekka Rinne with a rebound.
19:50 of 2nd period - Shot by Jason Chimera.
19:50 of 2nd period - Deflect By Andrew Shaw.
19:50 of 2nd period - Stopped by Pekka Rinne without a rebound.
19:51 of 2nd period - Nicklas Backstrom wins face-off versus Antoine Roussel in Predators zone.
19:58 of 2nd period - Kevan Miller is hit by Max Pacioretty and loses puck.
Goals for this period are 1 for Predators vs 1 for BlackHawks.
Shots for this period are 13 for Predators vs 16 for BlackHawks.

3rd period


0:01 of 3rd period - Nicklas Backstrom wins face-off versus David Backes in neutral zone.
0:04 of 3rd period - Shot by T.J. Oshie.
0:04 of 3rd period - Stopped by Sergei Bobrovsky without a rebound.
0:05 of 3rd period - Nicklas Backstrom wins face-off versus David Backes in BlackHawks zone.
0:05 of 3rd period - Roman Josi is hit by Jeff Petry and loses puck.
0:17 of 3rd period - Off-side.
0:18 of 3rd period - Steven Stamkos wins face-off versus Jack Eichel in neutral zone.
0:25 of 3rd period - Shot by J.T. Miller.
0:25 of 3rd period - Stopped by Sergei Bobrovsky without a rebound.
0:26 of 3rd period - Nicklas Backstrom wins face-off versus David Backes in BlackHawks zone.
0:44 of 3rd period - T.J. Oshie is hit by David Backes and loses puck.
0:55 of 3rd period - Shot by Artemi Panarin.
0:55 of 3rd period - Stopped by Pekka Rinne without a rebound.
0:56 of 3rd period - Steven Stamkos wins face-off versus Jack Eichel in Predators zone.
0:56 of 3rd period - Steven Stamkos is hit by Gabriel Landeskog.
1:05 of 3rd period - Icing by Connor Murphy.
1:06 of 3rd period - Andrew Shaw wins face-off versus Steven Stamkos in Predators zone.
1:14 of 3rd period - Minor Penalty to Andrew Shaw for Boarding.
1:15 of 3rd period - David Backes wins face-off versus Nicklas Backstrom in BlackHawks zone.
1:51 of 3rd period - Jeff Petry is hit by Nicklas Backstrom and loses puck.
2:20 of 3rd period - Steven Stamkos is hit by Kevan Miller and loses puck.
2:55 of 3rd period - Shot by Roman Josi.
2:55 of 3rd period - Shot Blocked by Dion Phaneuf.
2:57 of 3rd period - Shot by T.J. Oshie.
2:57 of 3rd period - Shot Misses the Net.
2:59 of 3rd period - Shot by Roman Josi.
2:59 of 3rd period - Deflect By Max Pacioretty.
2:59 of 3rd period - Stopped by Sergei Bobrovsky with a rebound.
3:01 of 3rd period - Shot by Max Pacioretty.
3:01 of 3rd period - Stopped by Sergei Bobrovsky without a rebound.
3:02 of 3rd period - David Backes wins face-off versus Steven Stamkos in BlackHawks zone.
3:31 of 3rd period - Shot by Jason Chimera.
3:31 of 3rd period - Goal by Jason Chimera - Predators : 2 - BlackHawks : 4.
3:32 of 3rd period - Trevor Lewis wins face-off versus Vladislav Namestnikov in neutral zone.
4:41 of 3rd period - Icing by Zach Bogosian.
4:42 of 3rd period - Vincent Trocheck wins face-off versus Radim Vrbata in Predators zone.
4:42 of 3rd period - Vincent Trocheck is hit by Gabriel Landeskog.
5:28 of 3rd period - Shot by Kevin Hayes.
5:28 of 3rd period - Shot Misses the Net.
5:31 of 3rd period - Icing by Jeff Petry.
5:32 of 3rd period - T.J. Oshie wins face-off versus Jack Eichel in BlackHawks zone.
5:33 of 3rd period - Shot by Nicklas Backstrom.
5:33 of 3rd period - Shot Misses the Net.
5:35 of 3rd period - Shot by Roman Josi.
5:35 of 3rd period - Shot Blocked by Dion Phaneuf.
6:10 of 3rd period - Icing by Dion Phaneuf.
6:11 of 3rd period - Jack Eichel wins face-off versus Steven Stamkos in BlackHawks zone.
6:42 of 3rd period - Shot by Steven Stamkos.
6:42 of 3rd period - Stopped by Sergei Bobrovsky without a rebound.
6:43 of 3rd period - Vincent Trocheck wins face-off versus David Backes in BlackHawks zone.
6:52 of 3rd period - David Backes is hit by Vincent Trocheck and loses puck.
7:07 of 3rd period - Shot by Vincent Trocheck.
7:07 of 3rd period - Stopped by Sergei Bobrovsky without a rebound.
7:08 of 3rd period - Nicklas Backstrom wins face-off versus Andrew Shaw in BlackHawks zone.
7:08 of 3rd period - T.J. Oshie is hit by Darnell Nurse.
7:13 of 3rd period - Icing by Jason Chimera.
7:14 of 3rd period - Andrew Shaw wins face-off versus Nicklas Backstrom in BlackHawks zone.
7:42 of 3rd period - Minor Penalty to Aaron Ekblad for Hooking.
7:43 of 3rd period - Steven Stamkos wins face-off versus David Backes in BlackHawks zone.
7:43 of 3rd period - Kevin Hayes is hit by Adam McQuaid and loses puck.
7:58 of 3rd period - Shot by Kevin Hayes.
7:58 of 3rd period - Stopped by Sergei Bobrovsky without a rebound.
7:59 of 3rd period - David Backes wins face-off versus Nicklas Backstrom in BlackHawks zone.
8:10 of 3rd period - Shot by Roman Josi.
8:10 of 3rd period - Stopped by Sergei Bobrovsky without a rebound.
8:11 of 3rd period - Steven Stamkos wins face-off versus David Backes in BlackHawks zone.
8:30 of 3rd period - Shot by Steven Stamkos.
8:30 of 3rd period - Stopped by Sergei Bobrovsky without a rebound.
8:31 of 3rd period - Nicklas Backstrom wins face-off versus David Backes in BlackHawks zone.
8:34 of 3rd period - Shot by Roman Josi.
8:34 of 3rd period - Stopped by Sergei Bobrovsky with a rebound.
8:36 of 3rd period - Shot by Oscar Klefbom.
8:36 of 3rd period - Stopped by Sergei Bobrovsky without a rebound.
8:37 of 3rd period - Nicklas Backstrom wins face-off versus David Backes in BlackHawks zone.
8:40 of 3rd period - Shot by Nicklas Backstrom.
8:40 of 3rd period - Shot Misses the Net.
8:56 of 3rd period - Shot by Nicklas Backstrom.
8:56 of 3rd period - Stopped by Sergei Bobrovsky with a rebound.
8:58 of 3rd period - Shot by Oscar Klefbom.
8:58 of 3rd period - Shot Misses the Net.
9:10 of 3rd period - Shot by Roman Josi.
9:10 of 3rd period - Stopped by Sergei Bobrovsky without a rebound.
9:11 of 3rd period - Steven Stamkos wins face-off versus Kyle Okposo in BlackHawks zone.
9:12 of 3rd period - Shot by Jordie Benn.
9:12 of 3rd period - Shot Blocked by Kevan Miller.
9:14 of 3rd period - Shot by Jordie Benn.
9:14 of 3rd period - Stopped by Sergei Bobrovsky without a rebound.
9:15 of 3rd period - Kyle Okposo wins face-off versus Steven Stamkos in BlackHawks zone.
9:26 of 3rd period - Shot by Jordie Benn.
9:26 of 3rd period - Stopped by Sergei Bobrovsky without a rebound.
9:27 of 3rd period - T.J. Oshie wins face-off versus David Backes in BlackHawks zone.
9:27 of 3rd period - Nicklas Backstrom is hit by Dion Phaneuf and loses puck.
9:41 of 3rd period - Off-side.
9:42 of 3rd period - Steven Stamkos wins face-off versus Jack Eichel in neutral zone.
9:53 of 3rd period - Icing by Connor Murphy.
9:54 of 3rd period - Andrew Shaw wins face-off versus Steven Stamkos in Predators zone.
10:01 of 3rd period - Shot by Jay Beagle.
10:01 of 3rd period - Stopped by Pekka Rinne without a rebound.
10:02 of 3rd period - Jack Eichel wins face-off versus Nicklas Backstrom in Predators zone.
10:19 of 3rd period - Jack Eichel is hit by Oscar Klefbom and loses puck.
10:31 of 3rd period - Minor Penalty to Max Pacioretty for Roughing.
10:32 of 3rd period - Nicklas Backstrom wins face-off versus David Backes in Predators zone.
10:53 of 3rd period - Shot by Dion Phaneuf.
10:53 of 3rd period - Shot Blocked by Connor Murphy.
11:16 of 3rd period - Icing by Kyle Okposo.
11:17 of 3rd period - David Backes wins face-off versus Nicklas Backstrom in BlackHawks zone.
11:21 of 3rd period - Off-side.
11:22 of 3rd period - Nicklas Backstrom wins face-off versus Jack Eichel in neutral zone.
12:25 of 3rd period - Shot by Steven Stamkos.
12:25 of 3rd period - Shot Blocked by Dion Phaneuf.
12:37 of 3rd period - Shot by Jason Chimera.
12:37 of 3rd period - Goal by Jason Chimera - Predators : 2 - BlackHawks : 5.
12:38 of 3rd period - Andrew Shaw wins face-off versus Vincent Trocheck in neutral zone.
12:41 of 3rd period - Shot by Andrew Shaw.
12:41 of 3rd period - Shot Misses the Net.
13:02 of 3rd period - Shot by Vincent Trocheck.
13:02 of 3rd period - Shot Misses the Net.
14:04 of 3rd period - Icing by Jeff Petry.
14:05 of 3rd period - Nicklas Backstrom wins face-off versus David Backes in BlackHawks zone.
14:06 of 3rd period - Shot by T.J. Oshie.
14:06 of 3rd period - Shot Misses the Net.
14:08 of 3rd period - Shot by Max Pacioretty.
14:08 of 3rd period - Stopped by Sergei Bobrovsky without a rebound.
14:09 of 3rd period - Jack Eichel wins face-off versus Nicklas Backstrom in BlackHawks zone.
14:09 of 3rd period - Jack Eichel is hit by Nicklas Backstrom.
14:19 of 3rd period - Icing by Connor Murphy.
14:20 of 3rd period - Nicklas Backstrom wins face-off versus Andrew Shaw in Predators zone.
14:35 of 3rd period - Shot by T.J. Oshie.
14:35 of 3rd period - Shot Misses the Net.
14:39 of 3rd period - Shot by Max Pacioretty.
14:39 of 3rd period - Shot Misses the Net.
14:41 of 3rd period - Shot by T.J. Oshie.
14:41 of 3rd period - Stopped by Sergei Bobrovsky without a rebound.
14:42 of 3rd period - Steven Stamkos wins face-off versus Jack Eichel in BlackHawks zone.
15:02 of 3rd period - Shot by Radim Vrbata.
15:02 of 3rd period - Stopped by Pekka Rinne without a rebound.
15:03 of 3rd period - Artemi Panarin wins face-off versus Nicklas Backstrom in Predators zone.
15:18 of 3rd period - Shot by Artemi Panarin.
15:18 of 3rd period - Stopped by Pekka Rinne without a rebound.
15:19 of 3rd period - Steven Stamkos wins face-off versus Jack Eichel in Predators zone.
15:19 of 3rd period - Steven Stamkos is hit by Jack Eichel.
15:31 of 3rd period - Shot by Radim Vrbata.
15:31 of 3rd period - Shot Misses the Net.
15:33 of 3rd period - Shot by Kevan Miller.
15:33 of 3rd period - Stopped by Pekka Rinne with a rebound.
15:53 of 3rd period - Shot by Gabriel Landeskog.
15:53 of 3rd period - Shot Blocked by Oscar Klefbom.
15:55 of 3rd period - Shot by Adam McQuaid.
15:55 of 3rd period - Shot Misses the Net.
16:18 of 3rd period - Off-side.
16:19 of 3rd period - Andrew Shaw wins face-off versus Nicklas Backstrom in neutral zone.
16:38 of 3rd period - Shot by T.J. Oshie.
16:38 of 3rd period - Shot Misses the Net.
16:40 of 3rd period - Shot by Max Pacioretty.
16:40 of 3rd period - Stopped by Sergei Bobrovsky without a rebound.
16:41 of 3rd period - David Backes wins face-off versus Vincent Trocheck in BlackHawks zone.
16:48 of 3rd period - Shot by Artemi Panarin.
16:48 of 3rd period - Shot Blocked by John Moore.
17:02 of 3rd period - Shot by Artemi Panarin.
17:02 of 3rd period - Shot Blocked by Zach Bogosian.
17:42 of 3rd period - Shot by Jack Eichel.
17:42 of 3rd period - Shot Blocked by John Moore.
17:59 of 3rd period - Shot by Radim Vrbata.
17:59 of 3rd period - Shot Hit the Post.
18:31 of 3rd period - Icing by Max Pacioretty.
18:32 of 3rd period - Trevor Lewis wins face-off versus Nicklas Backstrom in Predators zone.
19:05 of 3rd period - Shot by Trevor Lewis.
19:05 of 3rd period - Shot Blocked by Jordie Benn.
19:25 of 3rd period - Shot by Kyle Okposo.
19:25 of 3rd period - Shot Misses the Net.
19:27 of 3rd period - Shot by Darnell Nurse.
19:27 of 3rd period - Shot Hit the Post.
Goals for this period are 0 for Predators vs 2 for BlackHawks.
Shots for this period are 18 for Predators vs 7 for BlackHawks.